 Dungeon Crawl Stone Soup version 0.28-b1-25-g9875b3fc8c (webtiles) character file.

Game seed: 5979276928539936735

8 sanka the Sneak (level 2, -1/16 HPs)
             Began as a Tengu Enchanter on Feb 5, 2022.
             Slain by a hobgoblin (9 damage)
             ... on level 1 of the Dungeon.
             The game lasted 00:00:33 (429 turns).

sanka the Sneak (Tengu Enchanter)                    Turns: 429, Time: 00:00:34

Health: -1/16      AC:  2    Str:  8    XL:     2   Next: 8%
Magic:  6/6        EV: 12    Int: 15    God:
Gold:   17         SH:  0    Dex: 14    Spells: 5/5 levels left

rFire   . . .      SeeInvis .   a - +1 dagger
rCold   . . .      Faith    .   (no shield)
rNeg    . . .      Spirit   .   b - +0 robe
rPois   .          Reflect  .   (helmet restricted)
rElec   .          Harm     .   (no cloak)
rCorr   .          Rampage  .   (no gloves)
Will    .....                   (boots unavailable)
Stlth   ++........              (no amulet)
HPRegen 0.05/turn               (no ring)
MPRegen 0.10/turn               (no ring)

@: no status effects
A: beak, talons 3
a: no special abilities


You were on level 1 of the Dungeon.
You visited 1 branch of the dungeon, and saw 1 of its levels.

You collected 17 gold pieces.

Inventory:

Hand Weapons
 a - a +1 dagger (weapon)
Armour
 b - a +0 robe (worn)
Potions
 c - a potion of invisibility
 d - a potion of curing {unknown}


   Skills:
 + Level 0.4 Fighting
 - Level 1.1 Short Blades
 + Level 2.3 Dodging
 - Level 3.0 Stealth
 + Level 1.3 Unarmed Combat
 - Level 2.0 Spellcasting
 - Level 2.1 Hexes


You had 5 spell levels left.
You didn't know any spells.
Your spell library contained the following spells:

 Spells                   Type           Power      Damage    Failure   Level
 Ensorcelled Hibernation  Hex/Ice        8%         N/A       22%         2
 Confusing Touch          Hex            8%         N/A       26%         3
 Tukima's Dance           Hex            8%         N/A       26%         3
 Dazzling Flash           Conj/Hex       8%         N/A       38%         3


Dungeon Overview and Level Annotations

Branches:
Dungeon (1/15)

Altars:


Innate Abilities, Weirdness & Mutations

You have a beak for a mouth.
You have claws for feet.


Message History

You kill the dart slug!
You have reached level 2!
You start resting.
A hobgoblin comes into view. It is wielding a +0 quarterstaff.
A hobgoblin is nearby!
You start resting.
A hobgoblin is nearby!
You start resting.
HP restored.
A bat comes into view.
Found a grey potion.
You see here 11 gold pieces.
The helpless bat fails to defend itself.
You puncture the bat!
You kill the bat!
No target in view!
No target in view!
You now have 17 gold pieces (gained 11).
d - a grey potion A hobgoblin is nearby!
A hobgoblin is nearby!
A hobgoblin is nearby!
A hobgoblin is nearby!
The hobgoblin shouts!
The hobgoblin hits you with a +0 quarterstaff.
You hit the hobgoblin but do no damage. Your peck misses the hobgoblin.
The hobgoblin barely misses you.
You hit the hobgoblin.
The hobgoblin is heavily wounded.
The hobgoblin hits you with a +0 quarterstaff.
You are too injured to fight recklessly!
You are too injured to fight recklessly!
You are too injured to fight recklessly!
You are too injured to fight recklessly!
You are too injured to fight recklessly!
You barely miss the hobgoblin. Your kick misses the hobgoblin.
The hobgoblin is heavily wounded.
The hobgoblin hits you with a +0 quarterstaff!
Ouch! That really hurt!
You die...

....#..#....# #..# .
#..#....###...#### #.#
##.###............. #..
#..#.#....##....... #..#
##.##.##......[.....
###...
#..#..†#.......#####
......###.##...##.g##...#
#....#..#.....#†## ...#
#....#..#...@.#.# .....
#.........g..# ..##..
#######.##...# ..# #..
#..##[.## ..# ## #.###.##
.. g.# ... ## #..


You could see a hobgoblin.

Vanquished Creatures
  A dart slug (D:1)
  A ball python (D:1)
  An endoplasm (D:1)
  A hobgoblin (D:1)
  A bat (D:1)
  A kobold (D:1)
6 creatures vanquished.

Notes
Turn   | Place    | Note
-------+----------+-------------------------------------------
     0 | D:1      | sanka the Tengu Enchanter began the quest for the Orb.
     0 | D:1      | Reached XP level 1. HP: 10/10 MP: 4/4
    32 | D:1      | Reached skill level 1 in Unarmed Combat
   179 | D:1      | Reached XP level 2. HP: 5/16 MP: 6/6
   429 | D:1      | Slain by a hobgoblin

Illustrated notes

Levels and vault maps discovered:
D:1:      amcnicky_arrival_feature_with_door, layout_rooms, minmay_unequal

Skill      XL: |  1 |
---------------+----+-----
Unarmed Combat | 1 |  1.3
Fighting       | |  0.4
Short Blades   | |  1.1
Dodging        | |  2.3
Stealth        | |  3.0
Spellcasting   | |  2.0
Hexes          | |  2.1

Action                   || total
-------------------------++-------
Melee: Dagger            ||    17
       Peck              ||     4
       Kick              ||     3
 Stab: Sleeping          ||     2
Armor: Robe              ||     2
Dodge: Dodged            ||    12
